cohdb
Replays
Latest Replays
All Replays
Popular Replays
Top Player Replays
Match Explorer
How It Works
Community
CoH3 Stats
Reddit
Sign in to upload your games and track your stats! →
Sign in with Steam
Match 45461405
Unlisted
Match 45461405
Overview
Messages
Build Orders
End
Construct Barracks
Selects Heavy Weapons
Riflemen Squad
M1 Mortar Team
Riflemen Squad
Selects Assault Carriers
Mechanized Support Center
Construct Weapon Support Center
M1918 Browning Automatic Rifles
Riflemen Squad
M3 Assault Carrier
Selects Exchangeable Parts
Engineer Squad
DookulDeen
Tiger One
Kstahf
potatoo
youcanyouup
gustaf
yayayaya
piajicooh
0
0
Comments
sign in to comment!
No comments posted yet!